 Dungeon Crawl Stone Soup version 0.21-a0-396-ga924934 (webtiles) character file.

1147 tof the Slasher (level 8, -1/70 HPs)
             Began as a Minotaur Monk on Oct 19, 2017.
             Slain by Kavrick's ghost (7 damage)
             ... on level 5 of the Dungeon.
             The game lasted 00:06:31 (4563 turns).

tof the Slasher (Minotaur Monk)                     Turns: 4563, Time: 00:06:32

Health: -1/70      AC:  9    Str: 19    XL:     8   Next: 15%
Magic:  0/7        EV: 13    Int: 11    God:
Gold:   260        SH:  0    Dex: 12    Spells: 7/7 levels left

rFire    . . .     SeeInvis .   a - +0 falchion
rCold    + . .     Gourm    .   (no shield)
rNeg     . . .     Faith    .   q - +2 ring mail {MR+}
rPois    .         Spirit   +   (helmet restricted)
rElec    .         Reflect  .   (no cloak)
rCorr    .         Harm     .   (no gloves)
MR       +....                  p - +0 pair of boots
Stlth    +.........             y - amulet of guardian spirit
HPRegen  0.21/turn              t - +4 ring of intelligence (curse)
MPRegen  0.10/turn              x - ring of protection from cold

@: no status effects
A: retaliatory headbutt, horns 2
a: no special abilities


You were on level 5 of the Dungeon.
You were not hungry.

You visited 1 branch of the dungeon, and saw 5 of its levels.

You collected 260 gold pieces.

Inventory:

Hand Weapons
 a - a +0 falchion (weapon)
Missiles
 d - 15 poisoned needles
Armour
 p - a +0 pair of boots (worn)
 q - a +2 ring mail of magic resistance (worn)
Jewellery
 t - a cursed +4 ring of intelligence (left hand)
 u - an uncursed ring of flight
 x - a ring of protection from cold (right hand)
 y - an amulet of guardian spirit (around neck)
Scrolls
 b - 4 scrolls of remove curse {unknown}
 e - 2 scrolls of enchant armour {unknown}
 f - a scroll of teleportation {unknown}
 h - 2 scrolls of fog {unknown}
 i - 9 scrolls of identify {unknown}
 l - a scroll of noise {unknown}
 n - a scroll of random uselessness {unknown}
 o - a scroll of amnesia {unknown}
 A - a scroll of enchant weapon {unknown}
Potions
 m - 6 potions of degeneration {unknown}
 r - a potion of haste {unknown}
 s - a potion of flight {unknown}
 v - a potion of might {unknown}
 w - 2 potions of mutation {unknown}
 z - a potion of agility {unknown}
Comestibles
 c - 7 bread rations
 g - 12 fruits
 j - 2 royal jellies
 k - 3 meat rations


   Skills:
 + Level 5.9 Fighting
 * Level 7.6 Long Blades
 * Level 6.5 Armour
 + Level 5.3 Dodging
 - Level 1.5 Stealth


You had 7 spell levels left.
You didn't know any spells.

Dungeon Overview and Level Annotations

Branches:
Dungeon (5/15)
 Temple: D:4-7

Altars:
Dithmenos
Fedhas

Annotations:
D:5 Kavrick's ghost, amateur OgFi


Innate Abilities, Weirdness & Mutations

You reflexively headbutt those who attack you in melee.
You have a pair of horns on your head.


Message History

Kavrick's ghost is moderately damaged.
You slash Kavrick's ghost!
Kavrick's ghost is moderately damaged.
Kavrick's ghost barely misses you.
You hit Kavrick's ghost.
Kavrick's ghost is heavily damaged.
Kavrick's ghost hits you!
You barely miss Kavrick's ghost.
Kavrick's ghost is heavily damaged.
Kavrick's ghost hits you!
You hit Kavrick's ghost. You headbutt Kavrick's ghost.
Kavrick's ghost is heavily damaged.
Kavrick's ghost hits you!
* * * LOW HITPOINT WARNING * * *
You hit Kavrick's ghost. Your headbutt misses Kavrick's ghost.
Kavrick's ghost is heavily damaged.
Kavrick's ghost hits you!
* * * LOW HITPOINT WARNING * * *
Kavrick's ghost hits you!
You die...

..###.. #..............####......
....... #.................#......
.......##......####..............
#..##......#### #########......
#..##.....## #....(.
#(..?.....##### ###...(.(
###............ #..........
#....!..#######....###......
#...#.....W@....... #......
#...#######......... #######
##### #......... ##########


You could see Kavrick's ghost.

Vanquished Creatures
  Sigmund (D:4)
  2 sky beasts (D:5)
  2 ogres (D:5)
  A centaur (D:5)
  2 scorpions
  A crimson imp (D:3)
  A hound (D:4)
  4 iguanas (D:4)
  4 worker ants
  3 hound skeletons (D:5)
  5 adders
  An ooze (D:2)
  An adder skeleton (D:4)
  2 worms
  2 dart slugs
  2 leopard geckos
  9 orcs
  3 ball pythons
  9 bats
  5 giant cockroaches
  4 goblins
  9 hobgoblins
  3 jackals
  2 quokkas
  6 frilled lizards
  9 kobolds
  A quokka skeleton (D:4)
  5 rats
99 creatures vanquished.

Notes
Turn   | Place    | Note
-------+----------+-------------------------------------------
     0 | D:1      | tof the Minotaur Monk began the quest for the Orb.
     0 | D:1      | Reached XP level 1. HP: 19/19 MP: 0/0
    65 | D:1      | Reached skill level 1 in Armour
    65 | D:1      | Reached XP level 2. HP: 13/27 MP: 1/1
   355 | D:1      | Reached skill level 4 in Long Blades
   852 | D:2      | Reached XP level 3. HP: 33/33 MP: 2/2
  1456 | D:2      | Reached XP level 4. HP: 39/40 MP: 3/3
  2025 | D:3      | Found a blossoming altar of Fedhas.
  2073 | D:3      | Found a shadowy altar of Dithmenos.
  2229 | D:3      | Reached XP level 5. HP: 47/47 MP: 4/4
  2286 | D:3      | Reached skill level 5 in Long Blades
  2620 | D:3      | You fall through a shaft!
  2822 | D:4      | Found Sinkausi's Armour Shop.
  2949 | D:4      | Reached XP level 6. HP: 46/53 MP: 5/5
  3184 | D:4      | Noticed Sigmund
  3197 | D:4      | Killed Sigmund
  3197 | D:4      | Reached skill level 5 in Fighting
  3197 | D:4      | Reached skill level 6 in Long Blades
  3197 | D:4      | Reached XP level 7. HP: 35/61 MP: 3/6
  3389 | D:4      | Reached skill level 5 in Armour
  3997 | D:5      | Entered Level 5 of the Dungeon
  4045 | D:5      | Reached skill level 7 in Long Blades
  4045 | D:5      | Reached skill level 5 in Dodging
  4271 | D:5      | Reached XP level 8. HP: 39/70 MP: 7/7
  4526 | D:5      | Noticed Kavrick's ghost (amateur OgFi)
  4563 | D:5      | Slain by Kavrick's ghost

Vault maps used:
D:1:      lemuel_arrival_hallway, minmay_tromino_v7
D:3:      grunt_dithmenos_smoke_and_mirrors, first_bread, fedhas_altar_1
D:4:      minmay_wonky_spiral, serial_shops, kennysheep_mini, kennysheep_potato,
          uniq_sigmund
D:5:      nicolae_gozag_seed_capital, tso_oasis_becter

Skill      XL: |  1  2  3  4  5  6  7 |
---------------+----------------------+-----
Armour         | 1 2 3 4 6 |  6.5
Long Blades    | 4 5 6 7 |  7.6
Fighting       | 4 5 |  5.9
Dodging        | 4 5 |  5.3
Stealth        | |  1.5

Action                   |  1- 3 |  4- 6 |  7- 9 || total
-------------------------+-------+-------+-------++-------
Melee: Falchion          |    87 |   140 |    88 ||   315
       Headbutt          |    12 |    29 |    20 ||    61
 Stab: Sleeping          |     5 |       |       ||     5
  Eat: Chunk             |     2 |     5 |     5 ||    12
Armor: Robe              |     8 |       |       ||     8
       Ring mail         |     3 |    51 |    37 ||    91
Dodge: Dodged            |    57 |    84 |    44 ||   185
       Rpst.: Falchion   |    13 |    21 |     3 ||    37

Table legend:
 A = Spawn XP
 B = Non-spawn XP
 C = Spawn XP percentage of total XP
 D = Spawn monster count
 E = Non-spawn monster count
 F = Spawn count percentage of total count
 G = Total turns spent on level
                    A         B        C        D         E        F      G
               +---------+---------+-------+---------+---------+-------+---------
         Total |       0 |    1639 |   0.0 |       0 |      99 |   0.0 |  4563
               +---------+---------+-------+---------+---------+-------+---------
           D:1 |       0 |      40 |   0.0 |       0 |      23 |   0.0 |   836
           D:2 |       0 |      61 |   0.0 |       0 |      17 |   0.0 |   979
           D:3 |       0 |     109 |   0.0 |       0 |      26 |   0.0 |   901
           D:4 |       0 |     648 |   0.0 |       0 |      20 |   0.0 |  1281
           D:5 |       0 |     781 |   0.0 |       0 |      13 |   0.0 |   566
               +---------+---------+-------+---------+---------+-------+---------
